 Dungeon Crawl Stone Soup version 0.19-a0-1341-g3513869 (webtiles) character file.

301 poirepourri the Ducker (level 6, -2/47 HPs)
             Began as a Demonspawn Gladiator on Sept 1, 2016.
             Was a Follower of Yredelemnul.
             Succumbed to Xiguana's ghost's poison
             ... in a sewer.
             The game lasted 00:05:08 (2888 turns).

poirepourri the Ducker (Demonspawn Gladiator)       Turns: 2888, Time: 00:05:09

Health: -2/47      AC:  4    Str: 17    XL:     6   Next: 14%
Magic:  6/6        EV: 14    Int:  9    God:    Yredelemnul [*.....]
Gold:   134        SH:  0    Dex: 14    Spells: 0 memorised, 5 levels left

rFire  . . .     SeeInvis .     a - +0 quarterstaff
rCold  + . .     Gourm    .     b - +0 leather armour
rNeg   . . .     Faith    .     (shield currently unavailable)
rPois  .         Spirit   .     c - +0 helmet
rElec  .         Dismiss  .     (no cloak)
rCorr  .         Reflect  .     (no gloves)
MR     .....     Harm     .     (no boots)
Stlth  +.........               (no amulet)
                                (no ring)
                                (no ring)

@: lethally poisoned (-2 -> -27), glowing
A: cold resistance 1, spiny 3
a: Animate Remains, Renounce Religion


You were in a sewer.
You worshipped Yredelemnul.
Yredelemnul was aware of your devotion.
You were not hungry.

You visited 1 branch of the dungeon, and saw 4 of its levels.
You also visited: Sewer.

You collected 134 gold pieces.

Inventory:

Hand Weapons
 a - a +0 quarterstaff (weapon)
Missiles
 d - 3 throwing nets (quivered)
Armour
 b - a +0 leather armour (worn)
 c - a +0 helmet (worn)
 h - a +2 pair of gloves
Wands
 n - a wand of flame (28/48)
Scrolls
 e - 2 scrolls of amnesia {unknown}
 f - a scroll of blinking {unknown}
 k - a scroll of remove curse {unknown}
 q - a scroll of teleportation {unknown}
 r - a scroll of enchant weapon {unknown}
Potions
 g - 5 potions of flight
 i - a potion of magic
 l - a potion of agility {unknown}
 m - a potion of might {unknown}
 p - 2 potions of curing {unknown}
Comestibles
 j - a bread ration
 o - a slice of pizza


   Skills:
 + Level 3.1 Fighting
 + Level 3.8 Staves
 + Level 2.2 Throwing
 + Level 5.0 Dodging


You had 5 spell levels left.
You didn't know any spells.

Dungeon Overview and Level Annotations

Branches:
Dungeon (4/15)
 Temple: D:4-7

Altars:
Cheibriados
Qazlal
Yredelemnul


Innate Abilities, Weirdness & Mutations

Your flesh is cold resistant. (rC+)
You are completely covered in sharp spines.


Message History

Xiguana's ghost is struck by your spines.
You destroy Xiguana's ghost!
Yredelemnul accepts your kill.
Your Fighting skill increases to level 3!
Your Dodging skill increases to level 5!
You have reached level 6!
Your experience leads to an increase in your attributes!
Increase (S)trength, (I)ntelligence, or (D)exterity?
You feel stronger.
Your demonic ancestry asserts itself...
Sharp spines emerge from your entire body.
There is a lethal amount of poison in your body!
There is a lethal amount of poison in your body!
There is a lethal amount of poison in your body!
There is a lethal amount of poison in your body!
There is a lethal amount of poison in your body!
No other missiles available.
Use F to throw any item.
* * * LOW HITPOINT WARNING * * *
You feel very sick.
You die...
Your body rises from the dead as a mindless zombie. ###############################≈≈ ...∩.∩.†....≈≈≈≈@≈≈≈≈≈≈≈≈≈≈≈≈≈≈≈≈ ###############################..

There were no monsters in sight!

Vanquished Creatures
  The ghost of Xiguana the Sneak, an amateur SpAM (Sewer)
  Jessica (D:3)
  Natasha (twice) (D:3)
  Robin (D:3)
  An adder (D:2)
  2 river rats (Sewer)
  2 oozes
  2 worms
  A dart slug (D:1)
  5 giant geckos
  3 orcs (D:3)
  13 bats
  6 giant cockroaches
  22 goblins
  7 hobgoblins
  3 jackals (D:3)
  8 kobolds
  A quokka (D:3)
  3 ball pythons
  2 giant newts
  9 rats
95 creatures vanquished.

Notes
Turn   | Place    | Note
-------+----------+-------------------------------------------
     0 | D:1      | poirepourri the Demonspawn Gladiator began the quest for the Orb.
     0 | D:1      | Reached XP level 1. HP: 16/16 MP: 1/1
   185 | D:1      | Gained mutation: You are partially covered in sharp spines. [demonic ancestry]
   185 | D:1      | Reached XP level 2. HP: 22/22 MP: 2/2
   223 | D:1      | Reached skill level 3 in Dodging
   779 | D:1      | Gained mutation: You are mostly covered in sharp spines. [demonic ancestry]
   779 | D:1      | Reached XP level 3. HP: 27/27 MP: 3/3
  1305 | D:2      | Noticed a fire elemental
  1307 | D:2      | Found a stormy altar of Qazlal.
  1308 | D:2      | Noticed an air elemental
  1308 | D:2      | Noticed an earth elemental
  1308 | D:2      | Noticed a water elemental
  1433 | D:2      | Gained mutation: Your flesh is cold resistant. (rC+) [demonic ancestry]
  1433 | D:2      | Reached XP level 4. HP: 33/33 MP: 4/4
  1506 | D:2      | Found a basalt altar of Yredelemnul.
  1572 | D:2      | Became a worshipper of Yredelemnul the Dark
  1780 | D:3      | Noticed Robin
  2017 | D:3      | Noticed Jessica
  2022 | D:3      | Killed Jessica
  2022 | D:3      | Reached skill level 4 in Dodging
  2047 | D:3      | Noticed Natasha
  2052 | D:3      | Killed Natasha
  2052 | D:3      | Reached XP level 5. HP: 39/39 MP: 5/5
  2177 | D:3      | Killed Robin
  2389 | D:3      | Reached * piety under Yredelemnul
  2416 | D:3      | Noticed Natasha
  2514 | D:3      | Killed Natasha
  2604 | D:3      | Found a snail-covered altar of Cheibriados.
  2820 | D:4      | Found a glowing drain.
  2840 | Sewer    | Entered a sewer
  2874 | Sewer    | Noticed Xiguana's ghost (amateur SpAM)
  2886 | Sewer    | Killed Xiguana's ghost
  2886 | Sewer    | Reached skill level 5 in Dodging
  2886 | Sewer    | Gained mutation: You are completely covered in sharp spines. [demonic ancestry]
  2886 | Sewer    | Reached XP level 6. HP: 4/47 MP: 6/6
  2887 | Sewer    | HP: 1/47 [poisoned by Xiguana's ghost]
  2888 | Sewer    | Succumbed to Xiguana's ghost's poison

Vault maps used:
D:1:      sevenhm_arrival_forest_fort_small_3
D:2:      lemuel_doored_altar, first_bread, nicolae_qazlal_style_of_elements
D:3:      overflow_temple_1_default, uniq_natasha, uniq_robin, uniq_jessica
D:4:      portal_sewer_entry_f
Sewer:    sewer_kobolds

Skill      XL: |  1  2  3  4  5 |
---------------+----------------+-----
Throwing       | 2 |  2.2
Dodging        | 3 4 5 |  5.0
Staves         | 3 |  3.8
Fighting       | 3 |  3.1

Action                   |  1- 3 |  4- 6 || total
-------------------------+-------+-------++-------
Melee: Quarterstaff      |    76 |    76 ||   152
  Use: Scroll            |       |     2 ||     2
 Stab: Sleeping          |     1 |     2 ||     3
  Eat: Bread ration      |     1 |     1 ||     2
Armor: Leather armour    |    32 |    19 ||    51
Dodge: Dodged            |    80 |    46 ||   126
